 Dungeon Crawl Stone Soup version 0.22-a0-482-g76e0a5f (webtiles) character file.

920 epen the Ruffian (level 7, -5/62 HPs)
             Began as a Minotaur Monk on June 17, 2018.
             Was a Believer of Cheibriados.
             Killed from afar by Slunt's ghost (10 damage)
             ... with a flame tongue
             ... on level 5 of the Dungeon.
             The game lasted 00:07:24 (4378 turns).

epen the Ruffian (Minotaur Monk)                    Turns: 4378, Time: 00:07:25

Health: -5/62      AC:  7    Str: 21    XL:     7   Next: 83%
Magic:  3/6        EV: 19    Int: 11    God:    Cheibriados [**....]
Gold:   210        SH:  0    Dex: 17    Spells: 6/6 levels left

rFire    . . .     SeeInvis .     - Unarmed
rCold    . . .     Gourm    .   (no shield)
rNeg     . . .     Faith    .   x - +0 ring mail
rPois    .         Spirit   .   (helmet restricted)
rElec    .         Reflect  .   (no cloak)
rCorr    .         Harm     .   (no gloves)
MR       +....                  t - +0 pair of boots
Stlth    +.........             (no amulet)
HPRegen  0.20/turn              w - ring of protection from magic
MPRegen  0.10/turn              z - +5 ring of evasion

@: very slow
A: retaliatory headbutt, horns 2
a: Bend Time, Renounce Religion


You were on level 5 of the Dungeon.
You worshipped Cheibriados.
Cheibriados was pleased with you.
You were not hungry.

You visited 1 branch of the dungeon, and saw 5 of its levels.

You collected 210 gold pieces.

Inventory:

Armour
 a - a +0 robe
 t - a +0 pair of boots (worn)
 x - a +0 ring mail (worn)
Jewellery
 w - a ring of protection from magic (left hand)
 z - a +5 ring of evasion (right hand)
Wands
 u - a wand of iceblast (11)
Scrolls
 c - 4 scrolls of identify
 f - a scroll of fear {unknown}
 i - 2 scrolls of fog {unknown}
 j - a scroll of blinking {unknown}
 p - 2 scrolls of enchant armour
 q - a scroll of amnesia {unknown}
 r - 4 scrolls of teleportation {unknown}
 v - a scroll of random uselessness {unknown}
 y - a scroll of remove curse {unknown}
Potions
 d - a potion of curing
 e - 2 potions of might {unknown}
 g - a potion of cancellation {unknown}
 h - a potion of magic {unknown}
 k - 2 potions of lignification {unknown}
 l - a potion of flight {unknown}
 m - a potion of heal wounds {unknown}
 n - 3 potions of ambrosia {unknown}
 o - a potion of agility {unknown}
 s - a potion of mutation {unknown}
Comestibles
 b - 8 rations


   Skills:
 + Level 5.9 Fighting
 + Level 4.5 Armour
 + Level 5.4 Dodging
 - Level 1.5 Stealth
 * Level 7.0 Unarmed Combat
 * Level 0.4 Invocations


You had 6 spell levels left.
You didn't know any spells.
Your spell library was empty.

Dungeon Overview and Level Annotations

Branches:
Dungeon (5/15)             Temple (0/1) D:5

Altars:
Ashenzari
Cheibriados
Gozag
Kikubaaqudgha
Vehumet
The Shining One

Shops:
D:5 [:

Annotations:
D:5 Slunt's ghost, novice DrFE


Innate Abilities, Weirdness & Mutations

You reflexively headbutt those who attack you in melee.
You have a pair of horns on your head.


Message History

Slunt's ghost closely misses you. You furiously retaliate!
You headbutt Slunt's ghost!
You are covered in liquid flames!
* * * LOW HITPOINT WARNING * * *
Slunt's ghost gestures at you while chanting.
The puff of flame hits you!
* * * LOW HITPOINT WARNING * * *
As you read the scroll labeled SAYSSI YREBY, it crumbles to dust.
It is a scroll of identify.
p - 2 scrolls of enchant armour You feel better.
Slunt's ghost hits you.
* * * LOW HITPOINT WARNING * * *
Slunt's ghost freezes you.
* * * LOW HITPOINT WARNING * * *
Okay, then.
The flow of time bends around you.
Slunt's ghost resists with some effort.
You feel slightly more hungry. Slunt's ghost casts a spell at you.
The flame tongue hits you!
You die...

###### .....##
########## ###...#
#........# ......#
#.#.####.#
.##...###....###@#######
.###.........>...W.....#
.###.####....###.#####.#
.....# #†#.## #.# ..####
#..... ..# .##
###.###### ## ### ###


You could see Slunt's ghost.

Vanquished Creatures
  Menkaure (D:4)
  A phantom (D:4)
  The ghost of ThereIsNoGod the Ruffian, an amateur DrTm (D:3)
  A big kobold (D:3)
  A howler monkey (D:5)
  3 orc priests
  A hound (D:5)
  A bullfrog skeleton (D:5)
  An orc wizard (D:4)
  Jessica (D:2)
  A centaur skeleton (D:4)
  An iguana (D:4)
  4 worker ants
  7 adders
  A shadow imp (D:5)
  An ooze (D:1)
  2 worms (D:2)
  A dart slug (D:3)
  5 leopard geckos
  4 orcs
  A ball python (D:5)
  4 giant cockroaches
  6 goblins
  11 hobgoblins
  3 jackals (D:1)
  13 kobolds
  2 quokkas
  7 bats
  5 frilled lizards
  A jackal skeleton (D:4)
  A quokka zombie (D:5)
  10 rats
103 creatures vanquished.

Vanquished Creatures (others)
  A human (D:4)
1 creature vanquished.

Grand Total: 104 creatures vanquished

Notes
Turn   | Place    | Note
-------+----------+-------------------------------------------
     0 | D:1      | epen the Minotaur Monk began the quest for the Orb.
     0 | D:1      | Reached XP level 1. HP: 19/19 MP: 0/0
    73 | D:1      | Reached XP level 2. HP: 27/27 MP: 1/1
   223 | D:1      | Reached skill level 1 in Armour
   599 | D:2      | Reached XP level 3. HP: 8/33 MP: 2/2
   634 | D:2      | Reached skill level 4 in Unarmed Combat
  1268 | D:2      | Found a radiant altar of Vehumet.
  1276 | D:2      | Found an opulent altar of Gozag.
  1517 | D:2      | Noticed Jessica
  1525 | D:2      | Killed Jessica
  1525 | D:2      | Reached XP level 4. HP: 26/40 MP: 3/3
  2102 | D:3      | Noticed a big kobold
  2110 | D:3      | Killed a big kobold
  2110 | D:3      | Reached skill level 5 in Unarmed Combat
  2110 | D:3      | Reached XP level 5. HP: 30/47 MP: 4/4
  2527 | D:3      | Noticed ThereIsNoGod's ghost (amateur DrTm)
  2701 | D:3      | Killed ThereIsNoGod's ghost
  2701 | D:3      | Reached XP level 6. HP: 41/55 MP: 5/5
  2860 | D:3      | Found a glowing golden altar of the Shining One.
  3001 | D:4      | Reached skill level 5 in Fighting
  3058 | D:4      | Reached skill level 6 in Unarmed Combat
  3060 | D:4      | Found an ancient bone altar of Kikubaaqudgha.
  3060 | D:4      | Noticed a human
  3064 | D:4      | Killed a human
  3321 | D:4      | Reached XP level 7. HP: 61/61 MP: 6/6
  3495 | D:4      | Noticed Menkaure
  3515 | D:5      | Entered Level 5 of the Dungeon
  3542 | D:5      | Reached skill level 5 in Dodging
  3795 | D:4      | Killed Menkaure
  3988 | D:5      | Found Doivayf's Book Emporium.
  4036 | D:5      | Found Bonwizxe's Armour Emporium.
  4051 | D:5      | Reached skill level 7 in Unarmed Combat
  4099 | D:5      | Found a shattered altar of Ashenzari.
  4099 | D:5      | Found a snail-covered altar of Cheibriados.
  4196 | D:5      | Became a worshipper of Cheibriados the Contemplative
  4196 | D:5      | Reached * piety under Cheibriados
  4196 | D:5      | Reached ** piety under Cheibriados
  4284 | D:5      | Found a staircase to the Ecumenical Temple.
  4358 | D:5      | Noticed Slunt's ghost (novice DrFE)
  4378 | D:5      | Killed from afar by Slunt's ghost

Vault maps used:
D:1:      giann_horns, glass_columns_b
D:2:      grunt_temple_overflow_open, uniq_jessica
D:3:      cheibrodos_thug_alley, first_ration, nicolae_tso_carved_into_rock
D:4:      tgw_kikubaaqudgha, uniq_menkaure
D:5:      led_sif_book, gammafunk_temple_overflow_statue,
          minmay_temple_entry_mist, serial_shops, kennysheep_mini, shop, shop

Skill      XL: |  1  2  3  4  5  6  7 |
---------------+----------------------+-----
Armour         | 1 2 3 4 |  4.5
Fighting       | 4 5 |  5.9
Unarmed Combat | 4 5 6 7 |  7.0
Dodging        | 4 5 |  5.4
Stealth        | |  1.5
Invocations    | |  0.4

Action                   |  1- 3 |  4- 6 |  7- 9 || total
-------------------------+-------+-------+-------++-------
Melee: Unarmed           |    65 |   154 |    71 ||   290
       Headbutt          |    15 |    27 |    11 ||    53
       Punch             |       |     2 |     3 ||     5
Invok: Bend Time         |       |       |     1 ||     1
  Use: Potion            |       |       |     3 ||     3
       Scroll            |       |       |     1 ||     1
 Stab: Sleeping          |     3 |     3 |       ||     6
  Eat: Chunk             |     1 |     6 |       ||     7
       Ration            |       |       |     1 ||     1
Armor: Robe              |     5 |     7 |       ||    12
       Ring mail         |       |    28 |    13 ||    41
Dodge: Dodged            |    43 |   100 |    38 ||   181

Table legend:
 A = Spawn XP
 B = Non-spawn XP
 C = Spawn XP percentage of total XP
 D = Spawn monster count
 E = Non-spawn monster count
 F = Spawn count percentage of total count
 G = Total turns spent on level
                    A         B        C        D         E        F      G
               +---------+---------+-------+---------+---------+-------+---------
         Total |       0 |    1315 |   0.0 |       0 |     103 |   0.0 |  4378
               +---------+---------+-------+---------+---------+-------+---------
           D:1 |       0 |      30 |   0.0 |       0 |      15 |   0.0 |   521
           D:2 |       0 |     112 |   0.0 |       0 |      21 |   0.0 |  1330
           D:3 |       0 |     332 |   0.0 |       0 |      39 |   0.0 |   984
           D:4 |       0 |     547 |   0.0 |       0 |      15 |   0.0 |   805
           D:5 |       0 |     294 |   0.0 |       0 |      13 |   0.0 |   738
               +---------+---------+-------+---------+---------+-------+---------
